 Dungeon Crawl Stone Soup version 0.30.1-9-gdf580d7c3d (webtiles) character file.

Game seed: 10298041113790545191

168773 Tristus the Warrior (level 17, 0/255 HPs)
             Began as a Hill Orc Berserker on Sept 22, 2023.
             Was a High Priest of Trog.
             Asphyxiated
             ... on level 2 of the Snake Pit on Sept 24, 2023.
             The game lasted 02:11:21 (33429 turns).

Tristus the Warrior (Hill Orc Berserker)           Turns: 33429, Time: 02:11:22

Health: 0/255      AC: 28    Str: 31    XL:     17   Next: 65%
Magic:  17/17      EV: 10    Int:  7    God:    Trog [*****.]
Gold:   2390       SH: 11    Dex:  8    Spells: 16/16 levels left

rFire   + . .        a - +6 broad axe (elec)
rCold   x . .        O - +0 kite shield
rNeg    . . .        L - +0 plate armour
rPois   +            l - +0 helmet
rElec   .            B - +1 cloak {rPois}
rCorr   .            V - +2 pair of gloves {Str+3}
SInv    .            C - +0 pair of boots of Duty {Rampage}
Will    +....        T - amulet of regeneration Stlth
                     e - +5 ring of evasion {=R}
HPRegen 1.42/turn    h - ring of fire
MPRegen 0.15/turn

%: rampage
@: berserking, lethally poisoned (0 -> 0), slowed, constricted
A: clumsy 1
}: 1/15 runes: decaying
a: Renounce Religion, Berserk, Trog's Hand, Brothers in Arms


You were on level 2 of the Snake Pit.
You worshipped Trog.
Trog was extremely pleased with you.
You visited 6 branches of the dungeon, and saw 29 of its levels.

You collected 2988 gold pieces.
You spent 598 gold pieces at shops.

Inventory:

Hand Weapons
 a - a +6 broad axe of electrocution (weapon)
 b - a +2 hand axe of flaming
 t - a +1 antimagic broad axe
Missiles
 d - 56 poisoned darts
 D - 6 throwing nets
 G - 4 javelins (quivered)
 K - 3 curare-tipped darts
Armour
 l - a +0 helmet (worn)
 z - a scarf of resistance
 B - a +1 cloak of poison resistance (worn)
 C - the +0 pair of boots of Duty (worn) {Rampage}
   (You found it on level 4 of the Swamp)

   Rampage:   It bestows one free step when moving towards enemies.
 L - a +0 plate armour (worn)
 O - a +0 kite shield (worn)
 V - a +2 pair of gloves of strength (worn)
Jewellery
 e - a +5 ring of evasion (left hand) {=R}
 h - a ring of fire (right hand)
 J - a ring of ice
 N - an amulet of reflection
 P - a ring of willpower
 T - an amulet of regeneration (around neck)
Wands
 f - a wand of roots (20)
 j - a wand of acid (14)
 w - a wand of mindburst (28)
 A - a wand of flame (46)
 S - a wand of charming (29)
 X - a wand of digging (11)
Scrolls
 g - 6 scrolls of immolation
 i - 3 scrolls of enchant weapon {unknown}
 n - 8 scrolls of poison
 o - 9 scrolls of teleportation
 u - 2 scrolls of brand weapon {unknown}
 y - 5 scrolls of blinking
 I - a scroll of fog {unknown}
 Q - 2 scrolls of vulnerability
 R - 3 scrolls of magic mapping
Potions
 c - 13 potions of curing
 k - 4 potions of ambrosia
 m - 7 potions of heal wounds
 q - 4 potions of mutation
 r - 5 potions of lignification
 s - 7 potions of haste
 v - 4 potions of magic
 x - 5 potions of invisibility
 E - 2 potions of resistance
 F - 7 potions of might
 H - 2 potions of cancellation
 M - 6 potions of flight
 Y - 7 potions of attraction
Miscellaneous
 p - a lightning rod (4/4)
 U - a box of beasts


   Skills:
 - Level 20.0 Fighting
 - Level 18.0 Axes
 - Level 8.0 Throwing
 * Level 17.4 Armour
 - Level 1.5 Dodging
 + Level 13.5 Shields
 - Level 8.0 Evocations


You had 16 spell levels left.
You didn't know any spells.
Your spell library was empty.

Dungeon Overview and Level Annotations

Branches:
Dungeon (15/15) Temple (1/1) D:4 Lair (5/5) D:11 Swamp (4/4) Lair:3 Snake (2/4) Lair:3 Slime (0/5) Lair:4 Orc (2/2) D:12 Elf (0/3) Orc:2 Vaults (0/5) D:12 D:13 Depths (0/4) D:15

Altars:
Ashenzari
Cheibriados
Dithmenos
Elyvilon
Fedhas
Gozag
Hepliaklqana
Kikubaaqudgha
Makhleb
Nemelex Xobeh
Okawaru
Qazlal
Ru
Sif Muna
Trog
Uskayaw
Vehumet
Wu Jian
Xom
Yredelemnul
Zin
The Shining One
Beogh

Shops:
D:2 (   D:10 ?   D:11 :   Orc:2 (=((

Portals:
Hell: Lair:5
Abyss: D:12

Annotations:
Lair:5 exclusion: 2 doors


Innate Abilities, Weirdness & Mutations

You are clumsy. (Dex -2)


Message History

You are more poisoned.
The naga ritualist constricts you.
* * * LOW HITPOINT WARNING * * *
The naga mage points at you and mumbles some strange words.
The bolt of poison hits you but does no damage.
You are more poisoned.
You feel better.
You feel less vulnerable to poison.
The naga mage no longer looks unusually toxic.
You are poisoned.
The naga mage barely misses you.
The naga mage hits you but does no damage.
The naga sharpshooter shoots an arrow.
The arrow hits you!!
* * * LOW HITPOINT WARNING * * *
The naga ritualist hits you but does no damage.
The naga ritualist constricts you. You block the naga mage's attack.
The naga mage hits you with a +0 spear.
* * * LOW HITPOINT WARNING * * *
Unknown command.
A red film seems to cover your vision as you go berserk!
You feel yourself moving faster!
You feel mighty!
You feel sick.
* * * LOW HITPOINT WARNING * * *
The naga mage hits you from afar with a +0 spear.
* * * LOW HITPOINT WARNING * * *
The naga mage hits you but does no damage.
The naga sharpshooter shoots an arrow.
The arrow hits you!!
* * * LOW HITPOINT WARNING * * *
You block the naga ritualist's attack. The naga ritualist constricts you.
* * * LOW HITPOINT WARNING * * *
The naga mage hits you but does no damage.
The naga mage hits you with a +0 spear.
* * * LOW HITPOINT WARNING * * *
The naga sharpshooter casts a spell.
The naga sharpshooter magically shoots an arrow.
You block the arrow. The naga ritualist spits poison at you.
The splash of poison hits you but does no damage.
You are more poisoned.
You have difficulty breathing.
You die...

...##......†......## #.
...##......).......###..
.................#......
......................#
......|.......).....#
...................##
...................#
...................##...
...............)@N......
...............NN.......
................N...####
......?....###
..........# ..........
.......... ##.........


You could see a naga sharpshooter, a naga ritualist (toxic aura, curare,
catching breath) and 2 naga magi.

Vanquished Creatures
  Jorgrun (Orc:1)
  Gastronok (Lair:3)
  Frances (D:13)
  Kirke (D:13)
  2 thorn hunters
  Agnes (Lair:3)
  2 fenstrider witches
  Donald (Swamp:2)
  The ghost of Zoluilur the Arsonist, a journeyman DsFE of Vehumet (D:12)
  Azrael (Snake:1)
  7 eleionomae
  2 bunyips
  A fire dragon (D:15)
  A salamander tyrant (Snake:1)
  4 ghost crabs
  17 hydras
  A spriggan air mage (Swamp:2)
  4 centaur warriors
  3 catoblepae
  3 anacondas (Snake:1)
  4 two-headed ogres
  5 boulder beetles
  4 death yaks
  2 hell hogs (D:12)
  3 naga warriors
  3 orc high priests
  5 alligators
  8 spriggans
  6 shock serpents
  4 naga sharpshooters
  A skyshark (Lair:5)
  A salamander mystic (Snake:1)
  A sixfirhy (Lair:5)
  A glowing orange brain (D:12)
  4 goliath frogs
  A spriggan druid (Swamp:1)
  8 swamp dragons
  4 bog bodies
  A naga ritualist (Snake:1)
  A spectral hydra (Lair:3)
  A wizard (Lair:5)
  A lindwurm (Lair:4)
  A mana viper (shapeshifter) (D:15)
  8 orc knights
  4 orc sorcerers (Orc:2)
  12 ugly things
  A necromancer (Lair:2)
  2 mana vipers
  A deep elf pyromancer (D:15)
  4 manticores
  2 will-o-the-wisps
  A wolf spider (D:15)
  5 cyclopes
  5 elephants (Lair:5)
  6 salamanders
  4 naga magi
  Maurice (D:13)
  12 black mambas
  16 cane toads
  3 orange demons
  A gargoyle (D:13)
  The ghost of klichko the Sneak, a novice SpHu of Hepliaklqana (D:6)
  2 rime drakes
  An unseen horror (D:12)
  An unseen horror (shapeshifter) (D:14)
  5 kobold demonologists
  An efreet (D:14)
  12 komodo dragons
  A spectral skyshark (Lair:3)
  A tengu conjurer (D:14)
  An ice devil (Lair:5)
  11 trolls
  A meliai (shapeshifter) (D:13)
  3 tyrant leeches
  A meliai (D:15)
  5 polar bears
  7 hornets
  8 saltlings (Orc:2)
  21 blink frogs
  6 dream sheep
  A vampire (D:11)
  8 slime creatures
  Sigmund (D:4)
  3 wraiths
  8 wyverns
  A spectral fire crab (Lair:3)
  28 yaks
  An unseen horror simulacrum (D:9)
  6 fire elementals (Snake:1)
  2 large abominations (D:12)
  4 basilisks
  3 hogs (D:13)
  15 humans
  7 vampire mosquitoes
  2 steam dragons
  3 wargs
  A spectral cane toad (Lair:3)
  12 nagas
  16 swamp worms
  5 hell hounds
  17 water moccasins
  5 black bears
  21 orc warriors
  12 swamp drakes
  An ice beast (D:9)
  2 sky beasts
  9 ogres
  20 wolves
  14 centaurs
  2 phantoms (D:5)
  A spectral basilisk (Lair:3)
  8 kobold brigands
  15 bullfrogs
  A scorpion (D:7)
  4 gnoll sergeants
  7 wights
  4 killer bees (D:7)
  2 electric eels
  3 howler monkeys
  17 orc priests
  6 hounds
  2 lava snakes (Lair:3)
  A wyvern simulacrum (D:9)
  Crazy Yiuf (D:5)
  A gnoll bouda (Orc:1)
  2 jellies (D:7)
  A sleepcap (D:5)
  Ijyb (D:5)
  2 iguanas
  19 orc wizards
  2 polar bear simulacra (Lair:2)
  2 yak simulacra (Lair:2)
  3 wolf simulacra (Lair:2)
  A centaur simulacrum (D:9)
  21 gnolls
  14 adders
  A shadow imp (D:8)
  3 white imps
  2 ufetubi (D:9)
  A worm (D:2)
  A dart slug (D:2)
  79 orcs
  9 endoplasms
  5 giant cockroaches
  10 goblins
  7 hobgoblins
  9 jackals
  9 quokkas
  13 ball pythons
  5 bats
  2 frilled lizards
  35 kobolds
  7 rats
  4 river rat simulacra (Lair:2)
  A butterfly (Lair:1)
876 creatures vanquished.

Vanquished Creatures (collateral kills)
  2 elephants (Lair:5)
  An orange demon (Lair:5)
  A smoke demon (Lair:5)
  2 red devils (Lair:5)
  A yak (D:9)
  A hell hound (Lair:5)
  A howler monkey simulacrum (D:9)
  An orc (D:9)
10 creatures vanquished.

Vanquished Creatures (others)
  A hydra (Swamp:4)
  A black mamba (Lair:1)
  A bloated husk (Swamp:3)
  A human (D:13)
  An orc wizard (D:9)
  A gnoll (D:10)
  10 foxfires
16 creatures vanquished.

Grand Total: 902 creatures vanquished

Notes
Turn   | Place    | Note
-------+----------+-------------------------------------------
     0 | D:1      | Tristus the Hill Orc Berserker began the quest for the Orb.
     0 | D:1      | Reached XP level 1. HP: 19/19 MP: 1/1
   166 | D:1      | Reached XP level 2. HP: 6/26 MP: 2/2
   291 | D:1      | Found a faded altar of an unknown god.
   419 | D:1      | Reached skill level 5 in Axes
   609 | D:1      | Reached XP level 3. HP: 31/31 MP: 3/3
   737 | D:1      | Reached ** piety under Trog
   997 | D:2      | Reached XP level 4. HP: 28/39 MP: 4/4
  1464 | D:2      | Found Kunus's Weapon Shop.
  2509 | D:3      | Found a transporter.
  2582 | D:3      | Noticed a gnoll sergeant
  2583 | D:3      | Found a basalt altar of Yredelemnul.
  2605 | D:3      | Found a transporter.
  2669 | D:3      | Reached XP level 5. HP: 39/45 MP: 5/5
  2936 | D:3      | Reached *** piety under Trog
  3429 | D:4      | Found an ancient bone altar of Kikubaaqudgha.
  3492 | D:4      | Reached XP level 6. HP: 51/51 MP: 6/6
  3522 | D:4      | Found a staircase to the Ecumenical Temple.
  3561 | Temple   | Entered the Ecumenical Temple
  3998 | D:4      | Noticed Sigmund
  4008 | D:4      | Killed Sigmund
  4009 | D:4      | Reached skill level 10 in Axes
  4009 | D:4      | Reached XP level 7. HP: 57/57 MP: 7/7
  4304 | D:4      | Found a snail-covered altar of Cheibriados.
  4523 | D:5      | Entered Level 5 of the Dungeon
  4922 | D:5      | Reached **** piety under Trog
  4968 | D:5      | Noticed Ijyb
  4982 | D:5      | Killed Ijyb
  5263 | D:5      | Reached XP level 8. HP: 58/64 MP: 8/8
  5414 | D:5      | Found a runed translucent door.
  5415 | D:5      | Noticed Crazy Yiuf
  5421 | D:5      | Killed Crazy Yiuf
  5519 | D:5      | Found a shimmering altar of Xom.
  5806 | D:6      | Found a large runed translucent door.
  5808 | D:6      | Found a large runed translucent door.
  5810 | D:6      | Noticed klichko's ghost (novice SpHu)
  5899 | D:6      | Found an iron altar of Okawaru.
  6890 | D:7      | Reached XP level 9. HP: 59/70 MP: 9/9
  7242 | D:7      | Reached skill level 15 in Axes
  7804 | D:8      | Reached skill level 4 in Fighting
  8345 | D:9      | Noticed a polar bear
  8359 | D:9      | Killed a polar bear
  8574 | D:9      | Reached skill level 5 in Fighting
  8786 | D:9      | Noticed a polar bear
  8794 | D:9      | Reached XP level 10. HP: 42/82 MP: 10/10
  8798 | D:9      | Reached skill level 6 in Fighting
  9100 | D:9      | Identified the +6 short sword "Xudyadwi" {venom, +Blink
                  | rPois Will-}
  9756 | D:9      | Reached skill level 7 in Fighting
  9894 | D:10     | Entered Level 10 of the Dungeon
 10060 | D:10     | Noticed a kobold demonologist
 10062 | D:10     | Noticed a soul eater
 10071 | D:10     | Noticed a soul eater
 10201 | D:9      | Noticed a smoke demon
 10210 | D:9      | Killed a kobold demonologist
 10211 | D:9      | Reached skill level 8 in Fighting
 10736 | D:10     | Reached skill level 1 in Shields
 10797 | D:9      | Reached skill level 9 in Fighting
 11015 | D:10     | Found a sacrificial altar of Ru.
 11049 | D:10     | Noticed a two-headed ogre
 11058 | D:10     | Killed a two-headed ogre
 11059 | D:10     | Reached XP level 11. HP: 99/99 MP: 11/11
 11223 | D:10     | Found Bomoz's Magic Scroll Shop.
 11256 | D:10     | Bought a scroll of magic mapping for 97 gold pieces
 11256 | D:10     | Bought a scroll of identify for 26 gold pieces
 11256 | D:10     | Bought a scroll of enchant armour for 97 gold pieces
 11437 | D:11     | Reached skill level 10 in Fighting
 11474 | D:11     | Noticed a boulder beetle
 11476 | D:11     | Reached skill level 5 in Armour
 11499 | D:11     | Killed a boulder beetle
 11662 | D:11     | Noticed a manticore
 11670 | D:11     | Killed a manticore
 11720 | D:11     | Reached skill level 5 in Shields
 11809 | D:11     | Noticed a sun demon
 11818 | D:11     | Gained mutation: You are clumsy. (Dex -2) [a neqoxec]
 11826 | D:11     | Noticed a soul eater
 12086 | D:11     | Found a staircase to the Lair.
 12145 | D:11     | Found Ucajehas's Book Shop.
 12432 | D:11     | Noticed a boulder beetle
 12450 | D:11     | Killed a boulder beetle
 12556 | D:11     | Found a shadowy altar of Dithmenos.
 12647 | Lair:1   | Entered Level 1 of the Lair of Beasts
 12663 | Lair:1   | Noticed a catoblepas
 12836 | Lair:1   | Killed a catoblepas
 13144 | Lair:1   | Reached XP level 12. HP: 100/106 MP: 12/12
 13201 | Lair:1   | Reached ***** piety under Trog
 13696 | Lair:1   | Identified the +5 glaive "Newtbane" {venom, *Corrode rElec
                  | Int+3 Dex+2}
 13923 | Lair:2   | Noticed a seven-headed hydra
 14029 | Lair:2   | Reached skill level 10 in Shields
 14245 | Lair:2   | Reached skill level 10 in Armour
 14432 | Lair:2   | Reached skill level 1 in Evocations
 14713 | Lair:2   | Killed a two-headed hydra
 14756 | Lair:2   | You fall into a shaft and drop 1 floor!
 15514 | Lair:3   | Reached XP level 13. HP: 115/115 MP: 13/13
 15539 | Lair:3   | Reached skill level 11 in Fighting
 15688 | Lair:3   | Noticed Gastronok
 15722 | Lair:3   | Killed Gastronok
 15891 | Lair:3   | Reached skill level 12 in Fighting
 15988 | Lair:3   | Found a staircase to the Swamp.
 16115 | Lair:3   | Found a staircase to the Snake Pit.
 16625 | Lair:4   | Reached skill level 13 in Fighting
 16715 | Lair:4   | Reached skill level 5 in Evocations
 16806 | Lair:4   | Received a gift from Trog
 16821 | Lair:4   | Found a staircase to the Slime Pits.
 17560 | Lair:3   | Reached skill level 14 in Fighting
 18007 | Lair:4   | Found a staircase to the Slime Pits.
 18488 | Lair:5   | Entered Level 5 of the Lair of Beasts
 18636 | Lair:5   | Reached XP level 14. HP: 123/133 MP: 14/14
 18745 | Lair:5   | Reached skill level 1 in Throwing
 18815 | Lair:5   | Reached skill level 15 in Fighting
 19683 | Lair:5   | Received a gift from Trog
 19684 | Lair:5   | Reached skill level 16 in Fighting
 19766 | Lair:5   | HP: 4/137 [red devil/+0 trident (9)]
 19871 | Lair:5   | Found a burning altar of Makhleb.
 20185 | Lair:5   | Found a gateway to Hell.
 20609 | D:6      | Killed klichko's ghost
 20814 | D:12     | You fall into a shaft and drop 2 floors!
 21169 | D:12     | Found a staircase to the Orcish Mines.
 21360 | D:12     | Found a transporter.
 21366 | D:12     | Noticed Zoluilur's ghost (journeyman DsFE)
 21368 | D:12     | Identified the +6 sling of Laok {heavy, rN+}
 21379 | D:12     | Found a transporter.
 21383 | D:12     | Found a one-way gate to the infinite horrors of the Abyss.
 21744 | D:12     | Found a broken altar of Ashenzari.
 21894 | D:13     | Found a gate to the Vaults.
 21951 | D:12     | Reached skill level 17 in Fighting
 22092 | D:13     | Noticed Frances
 22108 | D:13     | Noticed Maurice
 22126 | D:13     | Killed Frances
 22127 | D:13     | Reached skill level 5 in Throwing
 22127 | D:13     | Reached XP level 15. HP: 147/147 MP: 15/15
 22169 | D:13     | Killed Maurice
 22427 | D:13     | Noticed Kirke
 22489 | D:13     | Noticed a sphinx
 22492 | D:13     | Killed Kirke
 23233 | D:14     | Found a glowing golden altar of the Shining One.
 23375 | D:14     | Reached skill level 18 in Fighting
 24021 | D:15     | Entered Level 15 of the Dungeon
 24268 | D:15     | Received a gift from Trog
 24796 | D:15     | Reached skill level 19 in Fighting
 25250 | D:15     | Found a staircase to the Depths.
 25546 | Orc:1    | Entered Level 1 of the Orcish Mines
 25940 | Orc:2    | Entered Level 2 of the Orcish Mines
 26179 | Orc:2    | Found a staircase to the Elven Halls.
 26310 | Orc:2    | Found Fuashri's Antique Weapon Shoppe.
 26314 | Orc:2    | Found a roughly hewn altar of Beogh.
 26315 | Orc:2    | Found Wuxzaawk's Antique Weapon Shoppe.
 26541 | Orc:2    | Received a gift from Trog
 26892 | Orc:2    | Reached skill level 20 in Fighting
 26904 | Orc:2    | Reached XP level 16. HP: 115/162 MP: 16/16
 26990 | Orc:2    | Found Esim's Weapon Shop.
 27183 | Orc:2    | Found Iseidoel's Jewellery Shoppe.
 27283 | Orc:1    | Noticed Jorgrun
 27294 | Orc:1    | Killed Jorgrun
 27501 | Orc:2    | Bought a glowing broad axe for 189 gold pieces
 27501 | Orc:2    | Bought a glowing broad axe for 189 gold pieces
 28114 | Swamp:1  | Entered Level 1 of the Swamp
 28743 | Swamp:2  | Noticed Donald
 28881 | Swamp:2  | Noticed a fenstrider witch
 29098 | Swamp:2  | Killed a fenstrider witch
 29098 | Swamp:2  | Received a gift from Trog
 29229 | Swamp:2  | Killed Donald
 29440 | Swamp:2  | Upgraded the game from 0.30.1-8-g117510f58f to
                  | 0.30.1-9-gdf580d7c3d
 29647 | Swamp:3  | Noticed a thorn hunter
 29662 | Swamp:3  | Killed a thorn hunter
 29947 | Swamp:3  | Identified the +0 scimitar of Offence {protect, Will+
                  | Int+5}
 30116 | Swamp:3  | Noticed a fenstrider witch
 30160 | Swamp:3  | Found a basalt altar of Yredelemnul.
 30355 | Swamp:3  | Killed a fenstrider witch
 30464 | Swamp:4  | Entered Level 4 of the Swamp
 30593 | Swamp:4  | Noticed a thorn hunter
 30648 | Swamp:4  | Noticed a thorn hunter
 30729 | Swamp:4  | Killed a thorn hunter
 30730 | Swamp:4  | Reached skill level 15 in Armour
 30981 | Swamp:4  | Reached XP level 17. HP: 150/170 MP: 17/17
 31033 | Swamp:4  | Identified the +0 pair of boots of Duty {Rampage}
 31215 | Swamp:4  | Got a decaying rune of Zot
 31795 | D:12     | Killed Zoluilur's ghost
 32054 | Snake:1  | Entered Level 1 of the Snake Pit
 32095 | Snake:1  | Noticed Agnes
 32129 | Snake:1  | Noticed Azrael
 32140 | Lair:3   | Killed Agnes
 32209 | Snake:1  | Killed Azrael
 32268 | Snake:1  | Received a gift from Trog
 32504 | Snake:1  | HP: 7/255 [naga sharpshooter/arrow (13)]
 33429 | Snake:2  | HP: 10/255 [naga mage/+0 spear (6)]
 33429 | Snake:2  | Asphyxiated

Illustrated notes

Levels and vault maps discovered:
D:1:      scummos_arrival_checkerplants, layout_basic,
          dreamdust_ecumenical_altar_statues
D:2:      kennysheep_six_static_rooms, layout_basic, serial_forest,
          infiniplex_forest_lined_room_2, infiniplex_forest_clump_curved,
          infiniplex_forest_clump_long, infiniplex_forest_straight_3,
          infiniplex_forest_end_2, infiniplex_forest_pool,
          infiniplex_forest_clump_small, infiniplex_forest_lined_room_3,
          serial_shops, shop
D:3:      layout_loops_ring, gammafunk_temple_overflow_arena
D:4:      layout_loops_ring, nicolae_kikubaaqudgha_miasma_corner,
          mainiacjoe_overflow_alcove_2, minmay_temple_entry_drinking_statues,
          hangedman_minor_gate_pass, uniq_sigmund
D:5:      layout_loops_ring, kennysheep_little_box, uniq_ijyb,
          uniq_crazy_yiuf_cottage
D:6:      layout_cave_pools, lemuel_tele_altar, ebering_ghost_disaster_area,
          kennysheep_generic_room_4
D:7:      layout_rooms
D:8:      layout_basic, minmay_misc_feat_hallway
D:9:      layout_basic, serial_ice, serial_ice_i, serial_ice_n, serial_ice_e,
          serial_ice_m, grunt_ogre_cave
D:10:     layout_rooms, hangedman_ru_absence, serial_shops,
          nicolae_shop_window_shopping
D:11:     layout_rooms, grunt_lair_entry_orc_guard_hut, serial_shops,
          nicolae_diamond_shop, nicolae_dithmenos_through_a_glass_darkly
D:12:     layout_basic, hiddenorc1_lemuel, gammafunk_ghost_abyssal_escape,
          evilmike_ruin_ashenzari
D:13:     layout_basic, david_vaults_3, feat_on_display, uniq_kirke,
          uniq_frances, uniq_maurice
D:14:     layout_roguey, chequers_serial_rivers_small_b, tso_oasis_becter
D:15:     hangedman_depths_entry_try_elsewhere_first, layout_basic,
          minmay_misc_feat_x, st_stairs_2
Temple:   minmay_temple_bridge_d
Lair:1:   layout_long_grid, gammafunk_lair_bear_cave, lemuel_fruit_fields,
          serial_bayou_shore_b, serial_bayou_shore_b, grunt_megastairs_4
Lair:2:   layout_hall_layers, serial_rivers, chequers_serial_rivers_small_b,
          chequers_serial_rivers_small_b, chequers_serial_rivers_large_b,
          chequers_serial_rivers_small_b, eino_house_with_fridge
Lair:3:   layout_regular_city, nicolae_swamp_entry_spooky,
          nicolae_snake_entry_warm_welcome, st_stairs_3, serial_bayou_shore_a,
          uniq_gastronok
Lair:4:   layout_loops_ring, slime_entry_1, serial_bayou_pond_a,
          lemuel_fruit_tree, grunt_megastairs_5
Lair:5:   evil_forest, layout_layer_cave, infiniplex_staircase_pool_2
Swamp:1:  layout_basic_swamp, evilmike_swamp_ruin_house_1, swamp_pool5,
          nicolae_swamp_triple_paths
Swamp:2:  layout_basic_swamp, evilmike_swamp_ruin_house_4, uniq_donald
Swamp:3:  layout_basic_swamp, basic_altar, swamp_pool4
Swamp:4:  swamp, layout_basic_swamp, infiniplex_staircase_pool
Snake:1:  layout_grid_maze, uniq_agnes, uniq_azrael
Snake:2:  layout_onion, special_room, serial_shops,
          nicolae_shop_competitors_out_of_business, uniq_asterion
Orc:1:    layout_diamond_mine, uniq_jorgrun
Orc:2:    hellmonk_orc_salted, layout_caves

Skill      XL: |  1  2  3  4  5  6  7  8  9 10 11 12 13 14 15 16 17 |
---------------+----------------------------------------------------+-----
Axes           | 5 6 7 8 10 12 14 17 18 | 18.0
Fighting       | 5 9 10 14 17 20 | 20.0
Armour         | 4 7 11 12 15 17 | 17.4
Shields        | 2 9 10 12 13 | 13.5
Evocations     | 3 6 8 |  8.0
Throwing       | 5 8 |  8.0
Dodging        | |  1.5

Action                     |  1- 3 |  4- 6 |  7- 9 | 10-12 | 13-15 | 16-18 || total
---------------------------+-------+-------+-------+-------+-------+-------++-------
  Melee: Hand axe          |   140 |   187 |       |     5 |    43 |    74 ||   449
         War axe           |       |    55 |   370 |    35 |       |       ||   460
         Punch             |       |     1 |     5 |     2 |       |       ||     8
         Broad axe         |       |       |       |   625 |  1376 |   694 ||  2695
         Unarmed           |       |       |       |       |    23 |       ||    23
  Throw: Dart              |     4 |     1 |     1 |       |       |     2 ||     8
         Javelin           |       |       |       |     2 |     6 |    10 ||    18
 Invoke: Berserk           |     2 |     2 |     5 |     8 |     6 |     4 ||    27
         Brothers in Arms  |       |       |     1 |     1 |     3 |       ||     5
         Trog's Hand       |       |       |       |       |     2 |       ||     2
Ability: Evoke Blink       |       |       |       |       |       |     1 ||     1
  Evoke: Wand              |       |       |       |       |     2 |       ||     2
    Use: Scroll            |       |       |    10 |     5 |     9 |     2 ||    26
         Potion            |       |       |     1 |       |       |     1 ||     2
   Stab: Distracted        |       |       |       |     1 |       |       ||     1
         Confused          |       |       |       |       |       |     1 ||     1
 Armour: Leather armour    |    32 |    24 |       |       |       |       ||    56
         Acid dragon scale |       |    61 |    76 |       |       |       ||   137
         Plate armour      |       |       |    91 |   268 |   579 |   330 ||  1268
  Dodge: Dodged            |    85 |   141 |   145 |   108 |   330 |   281 ||  1090
  Block: Kite shield       |       |       |       |   322 |   643 |   379 ||  1344
         Reflection        |       |       |       |     9 |    17 |       ||    26
